MLB
CINCINNATI REDS @ SAN DIEGO PADRES
08/29/2049
 
TOP OF THE 1ST
Cincinnati Reds batting - Pitching for San Diego Padres : LHP Unkei Wakamatsu
Pitching: LHP Unkei Wakamatsu
Batting: LHB Evan Torraville 0-0: Called Strike
0-1: SINGLE (Groundball, 34S, EV 63.8 MPH) (infield hit)
Batting: SHB Jun Tsuda 0-0: Ball
1-0: Foul Ball, location: 2F
1-1: Ball
Wild Pitch!
Evan Torraville to second
2-1: Ball
3-1: SINGLE (Line Drive, 6M, EV 106.2 MPH)
Evan Torraville to third
Runner from 3rd tries for Home, SAFE, throw by CF to home
Jun Tsuda to second
Batting: LHB Chris Grunwald 0-0: Called Strike
0-1: Called Strike
0-2: SINGLE (Line Drive, 78S, EV 85.6 MPH)
Jun Tsuda to third
Runner from 3rd tries for Home, SAFE, throw by LF to home
Batting: RHB Mike Alm Pickoff Throw to First - Out! 1-3 CS
0-0: Ball
1-0: Called Strike
1-1: Foul Ball, location: 2F
1-2: Strikes out swinging
Batting: SHB Saulo Maina 0-0: Called Strike
0-1: DOUBLE (Flyball, 89XD, EV 108.1 MPH)
Batting: RHB Willie Lazcano 0-0: Ball
1-0: Swinging Strike
1-1: Ball
2-1: Ball
Wild Pitch!
Saulo Maina to third
3-1: Foul Ball, location: 2F
3-2: Fly out, F9 (Flyball, 9D, EV 78.1 MPH)
Top of the 1st over - 2 runs, 4 hits, 0 errors, 1 left on base; Cincinnati 2 - San Diego 0
BOTTOM OF THE 1ST
San Diego Padres batting - Pitching for Cincinnati Reds : RHP Joseph Kirchmann
Pitching: RHP Joseph Kirchmann
Batting: RHB Hildo Pot 0-0: Swinging Strike
0-1: Called Strike
0-2: Ball
1-2: Foul Ball, location: 2F
1-2: Ground out 5-3 (Groundball, 56S, EV 93.1 MPH)
Batting: SHB Phil Zacharia 0-0: SOLO HOME RUN (Flyball, 7LD, EV 95.6 MPH), Distance : 374 ft
Batting: LHB Mike Holt 0-0: Swinging Strike
0-1: Ball
1-1: Called Strike
1-2: Foul Ball, location: 2F
1-2: Foul Ball, location: 2F
1-2: Ball
2-2: Strikes out swinging
Batting: LHB James McCauley 0-0: Foul Ball, location: 2F
0-1: Fly out, F8 (Flyball, 8RD, EV 98.8 MPH)
Bottom of the 1st over - 1 run, 1 hit, 0 errors, 0 left on base; Cincinnati 2 - San Diego 1
TOP OF THE 2ND
Cincinnati Reds batting - Pitching for San Diego Padres : LHP Unkei Wakamatsu
Batting: RHB Fred Slade 0-0: Swinging Strike
0-1: Ball
1-1: Ball
2-1: Ball
3-1: Swinging Strike
3-2: Base on Balls
Batting: RHB Omar Quintana 0-0: Ball
1-0: Ball
2-0: Called Strike
2-1: Called Strike
2-2: Foul Ball, location: 2F
2-2: Strikes out swinging
Batting: RHB Tony Casas 0-0: Called Strike
0-1: Foul Ball, location: 2F
0-2: Strikes out swinging
Batting: LHB Evan Torraville 0-0: Fly out, F5 (Line Drive, 6, EV 66.9 MPH)
Top of the 2nd over - 0 runs, 0 hits, 0 errors, 1 left on base; Cincinnati 2 - San Diego 1
BOTTOM OF THE 2ND
San Diego Padres batting - Pitching for Cincinnati Reds : RHP Joseph Kirchmann
Batting: LHB Kevin Bellman 0-0: Called Strike
0-1: Foul Ball, location: 2F
0-2: Ball
1-2: Strikes out swinging
Batting: RHB Drtian Thaqi 0-0: Called Strike
0-1: Ball
1-1: Swinging Strike
1-2: Foul Ball, location: 2F
1-2: Ball
2-2: Ball
3-2: Base on Balls
Batting: LHB Chad Cutler 0-0: Fielders Choice at 2nd, 4-6 (Groundball, 34S, EV 79.4 MPH)
Batting: RHB Jared Speck 0-0: Ball
1-0: Ball
2-0: Called Strike
2-1: Ball
3-1: Called Strike
3-2: SINGLE (Line Drive, 5D, EV 95.6 MPH)
Chad Cutler to second
Chad Cutler to third
Batting: RHB Billy Crookston 0-0: Ball
1-0: Ball
2-0: Called Strike
2-1: Fly out, F9 (Flyball, 9S, EV 91.2 MPH)
Bottom of the 2nd over - 0 runs, 1 hit, 0 errors, 2 left on base; Cincinnati 2 - San Diego 1
TOP OF THE 3RD
Cincinnati Reds batting - Pitching for San Diego Padres : LHP Unkei Wakamatsu
Batting: SHB Jun Tsuda 0-0: Ball
1-0: Called Strike
1-1: SINGLE (Flyball, 5D, EV 97.5 MPH)
Batting: LHB Chris Grunwald 0-0: Ball
1-0: Called Strike
1-1: Called Strike
1-2: Ball
2-2: Strikes out looking
Batting: RHB Mike Alm 0-0: Called Strike
0-1: Grounds into double play, 5-4-3 (Groundball, 56D, EV 100.0 MPH)
Top of the 3rd over - 0 runs, 1 hit, 0 errors, 0 left on base; Cincinnati 2 - San Diego 1
BOTTOM OF THE 3RD
San Diego Padres batting - Pitching for Cincinnati Reds : RHP Joseph Kirchmann
Batting: RHB Hildo Pot 0-0: Called Strike
0-1: Ball
1-1: Called Strike
1-2: Ball
2-2: Ball
3-2: Base on Balls
Batting: SHB Phil Zacharia 0-0: Swinging Strike
0-1: Called Strike
Hildo Pot steals 2nd base
0-2: Ball
1-2: Ball
2-2: Ball
3-2: Base on Balls
Batting: LHB Mike Holt 0-0: Called Strike
0-1: Ball
1-1: Ball
2-1: Swinging Strike
2-2: Grounds into double play, 6-4-3 (Groundball, 6, EV 78.8 MPH)
Hildo Pot to third
Batting: LHB James McCauley 0-0: Ball
1-0: Called Strike
1-1: Fly out, F8 (Flyball, 8RD, EV 101.2 MPH)
Bottom of the 3rd over - 0 runs, 0 hits, 0 errors, 1 left on base; Cincinnati 2 - San Diego 1
TOP OF THE 4TH
Cincinnati Reds batting - Pitching for San Diego Padres : LHP Unkei Wakamatsu
Batting: SHB Saulo Maina 0-0: Called Strike
0-1: Foul Ball, location: 2F
0-2: Ball
1-2: Ball
2-2: Ball
3-2: Fly out, F7 (Flyball, 7S, EV 76.9 MPH)
Batting: RHB Willie Lazcano 0-0: Called Strike
0-1: Foul Ball, location: 2F
0-2: Foul Ball, location: 2F
0-2: Ball
1-2: Strikes out swinging
Batting: RHB Fred Slade 0-0: Called Strike
0-1: Foul Ball, location: 2F
0-2: Ball
1-2: Fly out, F9 (Flyball, 9LMF, EV 98.8 MPH)
Top of the 4th over - 0 runs, 0 hits, 0 errors, 0 left on base; Cincinnati 2 - San Diego 1
BOTTOM OF THE 4TH
San Diego Padres batting - Pitching for Cincinnati Reds : RHP Joseph Kirchmann
Batting: LHB Kevin Bellman 0-0: Ball
1-0: Fly out, F9 (Flyball, 89M, EV 88.8 MPH)
Batting: RHB Drtian Thaqi 0-0: Called Strike
0-1: Ball
1-1: Called Strike
1-2: Ball
2-2: Ball
3-2: Fly out, F9 (Flyball, 89M, EV 91.2 MPH)
Batting: LHB Chad Cutler 0-0: Ball
1-0: Ball
2-0: Ball
3-0: Base on Balls
Batting: RHB Jared Speck 0-0: Called Strike
0-1: Ball
1-1: Swinging Strike
1-2: Fielders Choice at 2nd, 6-4 (Groundball, 6, EV 84.4 MPH)
Bottom of the 4th over - 0 runs, 0 hits, 0 errors, 1 left on base; Cincinnati 2 - San Diego 1
TOP OF THE 5TH
Cincinnati Reds batting - Pitching for San Diego Padres : LHP Unkei Wakamatsu
Batting: RHB Omar Quintana 0-0: Ball
1-0: Fly out, F8 (Flyball, 89D, EV 83.1 MPH)
Batting: RHB Tony Casas 0-0: Ball
1-0: Swinging Strike
1-1: Swinging Strike
1-2: Foul Ball, location: 2F
1-2: Strikes out swinging
Batting: LHB Evan Torraville 0-0: Called Strike
0-1: Foul Ball, location: 2F
0-2: Strikes out swinging
Top of the 5th over - 0 runs, 0 hits, 0 errors, 0 left on base; Cincinnati 2 - San Diego 1
BOTTOM OF THE 5TH
San Diego Padres batting - Pitching for Cincinnati Reds : RHP Joseph Kirchmann
Batting: RHB Billy Crookston 0-0: Ground out 1-3 (Groundball, 15S, EV 67.5 MPH)
Batting: RHB Hildo Pot 0-0: Ball
1-0: Foul Ball, location: 2F
1-1: Foul Ball, location: 2F
1-2: Ball
2-2: Strikes out swinging
Batting: SHB Phil Zacharia 0-0: Called Strike
0-1: Called Strike
0-2: Ground out U3 (Groundball, 34S, EV 90.6 MPH)
Bottom of the 5th over - 0 runs, 0 hits, 0 errors, 0 left on base; Cincinnati 2 - San Diego 1
TOP OF THE 6TH
Cincinnati Reds batting - Pitching for San Diego Padres : LHP Unkei Wakamatsu
Batting: SHB Jun Tsuda 0-0: Foul Ball, location: 2F
0-1: Ball
1-1: Foul Ball, location: 2F
1-2: Foul Ball, location: 2F
1-2: Strikes out swinging
Batting: LHB Chris Grunwald 0-0: Ground out 1-3 (Groundball, 34S, EV 73.1 MPH)
Batting: RHB Mike Alm 0-0: Called Strike
0-1: SOLO HOME RUN (Flyball, 7LD, EV 95.6 MPH), Distance : 382 ft
Batting: SHB Saulo Maina 0-0: Ball
1-0: Fly out, F7 (Flyball, 7, EV 94.4 MPH)
Top of the 6th over - 1 run, 1 hit, 0 errors, 0 left on base; Cincinnati 3 - San Diego 1
BOTTOM OF THE 6TH
San Diego Padres batting - Pitching for Cincinnati Reds : RHP Joseph Kirchmann
Batting: LHB Mike Holt 0-0: Foul Ball, location: 2F
0-1: Called Strike
0-2: Ball
1-2: SINGLE (Groundball, 34D, EV 97.5 MPH)
Batting: LHB James McCauley 0-0: Grounds into double play, 4-6-3 (Groundball, 4, EV 105.0 MPH)
Batting: LHB Kevin Bellman 0-0: Ball
1-0: Foul Ball, location: 2F
1-1: Ball
2-1: Foul Ball, location: 2F
2-2: Fly out, F4 (Popup, 34, EV 65.0 MPH)
Bottom of the 6th over - 0 runs, 1 hit, 0 errors, 0 left on base; Cincinnati 3 - San Diego 1
TOP OF THE 7TH
Cincinnati Reds batting - Pitching for San Diego Padres : LHP Unkei Wakamatsu
Batting: RHB Willie Lazcano 0-0: Ground out 4-3 (Groundball, 4, EV 101.9 MPH)
Batting: RHB Fred Slade 0-0: Ball
1-0: Foul Ball, location: 2F
1-1: Called Strike
1-2: Hit by Pitch
Batting: RHB Omar Quintana 0-0: Ball
1-0: Called Strike
1-1: Ball
2-1: Called Strike
2-2: Ball
3-2: Strikes out looking
Batting: RHB Tony Casas 0-0: Ball
1-0: Ball
2-0: Called Strike
2-1: Ball
3-1: Foul Ball, location: 2F
3-2: Strikes out swinging
Top of the 7th over - 0 runs, 0 hits, 0 errors, 1 left on base; Cincinnati 3 - San Diego 1
BOTTOM OF THE 7TH
San Diego Padres batting - Pitching for Cincinnati Reds : RHP Joseph Kirchmann
Batting: RHB Drtian Thaqi 0-0: Called Strike
0-1: Foul Ball, location: 2F
0-2: Ball
1-2: Ball
2-2: Strikes out swinging
Batting: LHB Chad Cutler 0-0: Fly out, F7 (Flyball, 7, EV 80.6 MPH)
Batting: RHB Jared Speck 0-0: Ball
1-0: Called Strike
1-1: Ground out 5-3 (Groundball, 56S, EV 85.0 MPH)
Bottom of the 7th over - 0 runs, 0 hits, 0 errors, 0 left on base; Cincinnati 3 - San Diego 1
TOP OF THE 8TH
Cincinnati Reds batting - Pitching for San Diego Padres : LHP Unkei Wakamatsu
Pitching: LHP Jim Turan
Batting: LHB Evan Torraville 0-0: Called Strike
0-1: Swinging Strike
0-2: Strikes out swinging
Batting: SHB Jun Tsuda 0-0: Called Strike
0-1: Ball
1-1: Foul Ball, location: 2F
1-2: Foul Ball, location: 2F
1-2: Ground out 4-3 (Groundball, 4, EV 87.5 MPH)
Batting: LHB Chris Grunwald 0-0: Ball
1-0: Called Strike
1-1: Foul Ball, location: 2F
1-2: Ball
2-2: Foul Ball, location: 2F
2-2: Fly out, F7 (Line Drive, 7LM, EV 91.2 MPH)
Top of the 8th over - 0 runs, 0 hits, 0 errors, 0 left on base; Cincinnati 3 - San Diego 1
BOTTOM OF THE 8TH
San Diego Padres batting - Pitching for Cincinnati Reds : RHP Joseph Kirchmann
Pitching: RHP Justin Ambrose
Batting: RHB Billy Crookston 0-0: Ball
1-0: Foul Ball, location: 2F
1-1: Fly out, F7 (Flyball, 7S, EV 95.0 MPH)
Batting: RHB Hildo Pot 0-0: Ball
1-0: Ball
2-0: Foul Ball, location: 2F
2-1: Swinging Strike
2-2: Foul Ball, location: 2F
2-2: Ball
3-2: Strikes out swinging
Batting: SHB Phil Zacharia 0-0: Swinging Strike
0-1: Swinging Strike
0-2: Fly out, F9 (Flyball, 9S, EV 92.5 MPH)
Bottom of the 8th over - 0 runs, 0 hits, 0 errors, 0 left on base; Cincinnati 3 - San Diego 1
TOP OF THE 9TH
Cincinnati Reds batting - Pitching for San Diego Padres : LHP Jim Turan
Batting: RHB Mike Alm 0-0: Ball
1-0: Ground out 5-3 (Groundball, 56, EV 90.6 MPH)
Batting: SHB Saulo Maina 0-0: Ball
1-0: Swinging Strike
1-1: Ball
2-1: Ball
3-1: Called Strike
3-2: Foul Ball, location: 2F
3-2: Fly out, F9 (Flyball, 89M, EV 83.1 MPH)
Batting: RHB Willie Lazcano 0-0: Called Strike
0-1: Ball
1-1: Ball
2-1: Ball
3-1: Ground out 6-3 (Groundball, 6, EV 83.1 MPH)
Top of the 9th over - 0 runs, 0 hits, 0 errors, 0 left on base; Cincinnati 3 - San Diego 1
BOTTOM OF THE 9TH
San Diego Padres batting - Pitching for Cincinnati Reds : RHP Justin Ambrose
Pitching: LHP Eddie Grape
Batting: LHB Mike Holt 0-0: Ball
1-0: Called Strike
1-1: Ball
2-1: Ground out 4-3 (Groundball, 4, EV 103.8 MPH)
Pinch Hitting: RHB C.J. Beavers 0-0: Ball
1-0: Called Strike
1-1: Ball
2-1: Ball
3-1: Called Strike
3-2: SINGLE (Line Drive, 8LS, EV 93.1 MPH)
Batting: LHB Kevin Bellman 0-0: Ball
1-0: Ball
2-0: Ball
3-0: Called Strike
3-1: Foul Ball, location: 2F
3-2: Foul Ball, location: 2F
3-2: Strikes out swinging
C.J. Beavers steals 2nd base (no throw)
Batter strikes out.
Batting: RHB Drtian Thaqi 0-0: Foul Ball, location: 2F
0-1: Ball
1-1: Called Strike
1-2: Ball
2-2: Foul Ball, location: 2F
2-2: Ground out 6-3 (Groundball, 56, EV 85.6 MPH)
Bottom of the 9th over - 0 runs, 1 hit, 0 errors, 1 left on base; Cincinnati 3 - San Diego 1
Sunday, July 16th , 2023 - OOTP Baseball 24.6 Build 69